 Dungeon Crawl Stone Soup version 0.20.1-1-g8b1a95d (webtiles) character file.

2496 karf the Covert (level 9, 0/44 HPs)
             Began as a Spriggan Assassin on Oct 28, 2017.
             Was a Follower of Dithmenos.
             Slain by an orc warrior
             ... wielding a +0 glaive
              (21 damage)
             ... on level 6 of the Dungeon.
             The game lasted 00:31:00 (6785 turns).

karf the Covert (Spriggan Assassin)                 Turns: 6785, Time: 00:31:01

Health: 0/44       AC:  6    Str:  7    XL:     9   Next: 28%
Magic:  10/10      EV: 23    Int: 13    God:    Dithmenos [*.....]
Gold:   310        SH:  0    Dex: 20    Spells: 8/8 levels left

rFire    . . .     SeeInvis +   t - +5 dagger (speed)
rCold    . . .     Gourm    .   (shield restricted)
rNeg     . . .     Faith    .   y - +0 troll leather armour {Purgy}
rPois    .         Spirit   .   (helmet restricted)
rElec    .         Reflect  .   d - +1 cloak
rCorr    .         Harm     .   (gloves unavailable)
MR       +....                  (boots unavailable)
Stlth    +++++.....             (no amulet)
Regen    0.6/turn               (no ring)
MPRegen  0.2/turn               (no ring)

@: wreathed by umbra, very quick
A: unfitting armour, see invisible, herbivore 3, speed 3, slow metabolism 2
a: Renounce Religion


You were on level 6 of the Dungeon.
You worshipped Dithmenos.
Dithmenos was aware of your devotion.
You were not hungry.

You visited 2 branches of the dungeon, and saw 7 of its levels.
You also visited: Sewer.

You collected 310 gold pieces.

Inventory:

Hand Weapons
 b - a +0 blowgun
 t - a +5 dagger of speed (weapon)
Missiles
 e - 50 poisoned needles
 f - 2 curare-tipped needles
Armour
 c - a +0 robe
 d - a +1 cloak (worn)
 y - a +0 troll leather armour (worn) {Purgy}
Wands
 v - a wand of paralysis (11/24)
Scrolls
 a - a scroll of blinking
 h - 7 scrolls of teleportation
 l - a scroll of enchant armour
 m - 4 scrolls of remove curse
 n - 2 scrolls of identify
Potions
 j - a potion of agility {unknown}
 o - 2 potions of curing {unknown}
 q - a potion of flight
 s - 2 potions of lignification
 x - 3 potions of brilliance
 z - a potion of resistance
 A - a potion of mutation
 B - 4 potions of heal wounds
 D - 2 potions of might
Books
 i - Sif Muna's Compendium of Venom
   (You found it on level 5 of the Dungeon)

   Spells                             Type                      Level
   a - Sting                          Conjuration/Poison           1
 p - a book of Frost

   Spells                             Type                      Level
   a - Freeze                         Ice                          1
   b - Throw Frost                    Conjuration/Ice              2
   c - Ozocubu's Armour               Charms/Ice                   3
   d - Throw Icicle                   Conjuration/Ice              4
   e - Summon Ice Beast               Ice/Summoning                4
Comestibles
 g - 2 bread rations
 k - 5 royal jellies


   Skills:
 + Level 3.5 Fighting
 * Level 9.3 Short Blades
 - Level 2.0 Throwing
 + Level 2.3 Armour
 + Level 8.0 Dodging
 + Level 10.4 Stealth


You had 8 spell levels left.
You didn't know any spells.

Dungeon Overview and Level Annotations

Branches:
Dungeon (6/15)             Temple (1/1) D:5

Altars:
Ashenzari
Cheibriados
Dithmenos
Elyvilon
Hepliaklqana
Kikubaaqudgha
Okawaru
Qazlal
Ru
Sif Muna
Uskayaw
Vehumet
Xom
Yredelemnul
The Shining One

Shops:
D:4 }   D:5 ?


Innate Abilities, Weirdness & Mutations

You are very small and have problems with some larger weapons.
You are too small for most types of armour.
You have supernaturally acute eyesight. (SInv)
You are a herbivore.
You cover ground extremely quickly.
You need consume almost no food.


Message History

The shadow imp is severely wounded.
You hit the shadow imp but do no damage.
The shadow imp is severely wounded.
The shadow imp barely misses you.
You hit the shadow imp but do no damage.
The shadow imp is severely wounded.
The orc warrior misses you.
You hit the shadow imp but do no damage.
The shadow imp is severely wounded.
You hit the shadow imp.
The shadow imp is almost dead.
The shadow imp gestures at you. Pain shoots through your body!
You hit the shadow imp.
You kill the shadow imp!
Dithmenos accepts your kill.
You hit the orc warrior.
The orc warrior is severely wounded.
The orc warrior hits you with a glaive!!
You die...

..##.# #..##...
#####?##.# ##....#.
##/..#.##.## #....##
##......##..# #.##...
#.........#.####.####.
#.......?.........#
##.................#
##.......#..........#
#
......o@.........>..#
#
.##..........p.)....#
#
#.........##.)########
##.....##.###..##.p...
##...###.# ##..#.....
##### #.# ##.#.†...
...###.#.....
#.....<.....
......#.......


You could see an orc warrior and a neutral freed slave (wandering).

Vanquished Creatures
  Pikel (D:6)
  A deep elf mage (D:6)
  The ghost of Rhok the Skirmisher, an amateur CeCK of Xom (D:4)
  Eustachio (D:4)
  Purgy (Sewer)
  A sky beast (D:6)
  An ogre (D:5)
  A phantom (D:6)
  2 bullfrogs
  Blork the orc (D:5)
  A water moccasin skeleton (D:6)
  A scorpion (D:6)
  A howler monkey (D:6)
  3 crimson imps (D:6)
  A hound (D:5)
  A centaur skeleton (D:6)
  An iguana (D:4)
  5 orc wizards
  2 worker ants (D:5)
  A statue (D:4)
  A hound skeleton (D:4)
  4 gnolls (D:3)
  2 adders
  A river rat (D:5)
  A shadow imp (D:6)
  3 oozes
  A worm (D:2)
  4 dart slugs
  6 leopard geckos
  8 orcs
  7 bats
  7 giant cockroaches
  7 goblins
  A hobgoblin (D:2)
  4 jackals (D:5)
  11 kobolds
  2 quokkas (D:5)
  A ball python (D:2)
  5 frilled lizards
  6 rats
110 creatures vanquished.

Notes
Turn   | Place    | Note
-------+----------+-------------------------------------------
     0 | D:1      | karf the Spriggan Assassin began the quest for the Orb.
     0 | D:1      | Reached XP level 1. HP: 10/10 MP: 2/2
   174 | D:1      | Reached XP level 2. HP: 14/15 MP: 3/3
  1703 | D:2      | Reached XP level 3. HP: 18/18 MP: 4/4
  1959 | D:2      | Reached skill level 6 in Stealth
  2717 | D:3      | Reached XP level 4. HP: 15/23 MP: 5/5
  3080 | D:3      | Found a stormy altar of Qazlal.
  3347 | D:3      | Found a sacrificial altar of Ru.
  3719 | D:4      | Got a steaming hand axe
  3720 | D:4      | Identified the +9 hand axe of Honour {freeze, Int+7} (You found it on level 4 of the Dungeon)
  3790 | D:4      | Reached XP level 5. HP: 26/26 MP: 6/6
  3845 | D:4      | Found a basalt altar of Yredelemnul.
  4325 | D:4      | Found Vekytatu's Gadget Emporium.
  4352 | D:4      | Noticed Eustachio
  4357 | D:4      | Killed Eustachio
  4357 | D:4      | Reached skill level 5 in Short Blades
  4357 | D:4      | Reached skill level 7 in Stealth
  4357 | D:4      | Reached XP level 6. HP: 20/30 MP: 7/7
  4453 | D:4      | Noticed Rhok's ghost (amateur CeCK)
  4460 | D:4      | Killed Rhok's ghost
  4460 | D:4      | Reached skill level 5 in Dodging
  4460 | D:4      | Reached XP level 7. HP: 34/35 MP: 8/8
  4469 | D:4      | Found a radiant altar of Vehumet.
  4667 | D:4      | Reached skill level 8 in Stealth
  4972 | D:5      | Entered Level 5 of the Dungeon
  4972 | D:5      | Found a staircase to the Ecumenical Temple.
  5005 | D:5      | Noticed Blork the orc
  5080 | D:5      | Found a glowing drain.
  5084 | Sewer    | Entered a sewer
  5191 | Sewer    | Noticed Purgy
  5193 | Sewer    | Killed Purgy
  5361 | D:5      | Killed Blork the orc
  5367 | Temple   | Entered the Ecumenical Temple
  5408 | Temple   | Became a worshipper of Dithmenos the Shadowed
  5718 | D:5      | Reached XP level 8. HP: 37/39 MP: 9/9
  5777 | D:5      | Found Zuivia's Magic Scroll Emporium.
  5878 | D:5      | Found a deep blue altar of Sif Muna.
  5896 | D:5      | Identified Sif Muna's Compendium of Venom
  5904 | D:5      | Reached skill level 9 in Stealth
  6330 | D:6      | Noticed a deep elf mage
  6334 | D:6      | Killed a deep elf mage
  6334 | D:6      | Reached skill level 1 in Armour
  6395 | D:6      | Noticed Pikel
  6426 | D:6      | Reached * piety under Dithmenos
  6426 | D:6      | Reached skill level 10 in Stealth
  6506 | D:6      | Killed Pikel
  6506 | D:6      | Reached XP level 9. HP: 22/44 MP: 10/10
  6785 | D:6      | Slain by an orc warrior

Skill      XL: |  1  2  3  4  5  6  7  8  9 |
---------------+----------------------------+-----
Dodging        | 2 3 4 5 6 7 8 |  8.0
Fighting       | 2 3 |  3.5
Short Blades   | 3 4 5 6 7 9 |  9.3
Stealth        | 6 7 8 10 | 10.4
Armour         | 2 |  2.3
Throwing       | |  2.0

Action                   |  1- 3 |  4- 6 |  7- 9 || total
-------------------------+-------+-------+-------++-------
Melee: Dagger            |   162 |    88 |   329 ||   579
       Hand axe          |       |     6 |       ||     6
Evoke: Wand              |       |     2 |     1 ||     3
  Use: Scroll            |       |       |    21 ||    21
       Potion            |       |       |     1 ||     1
 Stab: Sleeping          |    11 |     1 |    14 ||    26
       Paralysed         |       |     3 |     1 ||     4
       Distracted        |       |       |     2 ||     2
  Eat: Bread ration      |       |     1 |       ||     1
Armor: Robe              |    11 |     5 |     2 ||    18
       Troll leather arm |       |       |    13 ||    13
Dodge: Dodged            |    71 |    35 |   131 ||   237
